| TOP OF THE 1ST |
|
York Revolution batting - Pitching for Windy City ThunderBolts : RHP Mark Fedor
|
|
Pitching: RHP Mark Fedor
|
|
|
Batting: LHB Jonathan Roman
|
0-0: Ball 1-0: Ball 2-0: Ball 3-0: Base on Balls
|
|
Batting: RHB Juan Valadez
|
0-0: Called Strike Jonathan Roman is caught stealing 2nd base 2-4 0-1: Foul Ball, location: 2F 0-2: Ball 1-2: Foul Ball, location: 2F 1-2: Fly out, F4 (Popup, 4, EV 55.6 MPH)
|
|
Batting: LHB Eric Farren
|
0-0: Ball 1-0: Foul Ball, location: 2F 1-1: SOLO HOME RUN (Flyball, 9LD, EV 93.8 MPH), Distance : 355 ft
|
|
Batting: RHB Dave Gallegos
|
0-0: Called Strike 0-1: Ball 1-1: Fly out, F4 (Line Drive, 4, EV 65.6 MPH)
|
| Top of the 1st over - 1 run, 1 hit, 0 errors, 0 left on base; York 1 - Windy City 0 |
| BOTTOM OF THE 1ST |
|
Windy City ThunderBolts batting - Pitching for York Revolution : RHP Lida Sestak
|
|
Pitching: RHP Lida Sestak
|
|
|
Batting: RHB Enrique Gomez
|
0-0: Ball 1-0: SOLO HOME RUN (Flyball, 7D, EV 94.4 MPH), Distance : 374 ft
|
|
Batting: SHB Andres Agudo
|
0-0: Ball 1-0: Ball 2-0: Called Strike 2-1: Foul Ball, location: 2F 2-2: Foul Ball, location: 2F 2-2: Fly out, F9 (Flyball, 89M, EV 76.2 MPH)
|
|
Batting: RHB David Laureano
|
0-0: Ball 1-0: Ball 2-0: Called Strike 2-1: Ball 3-1: Base on Balls
|
|
Batting: RHB Bill Stern
|
0-0: Swinging Strike 0-1: Ball 1-1: Foul Ball, location: 2F 1-2: Strikes out swinging
|
|
Batting: SHB Veit Geisler
|
0-0: Foul Ball, location: 2F 0-1: Ball 1-1: DOUBLE (Line Drive, 89D, EV 105.6 MPH) David Laureano to third
|
|
Batting: RHB Joe Thomas
|
0-0: Called Strike 0-1: Called Strike 0-2: Foul Ball, location: 2F 0-2: Ground out 1-3 (Groundball, 13S, EV 65.6 MPH)
|
| Bottom of the 1st over - 1 run, 2 hits, 0 errors, 2 left on base; York 1 - Windy City 1 |
| TOP OF THE 2ND |
|
York Revolution batting - Pitching for Windy City ThunderBolts : RHP Mark Fedor
|
|
Batting: RHB Eddie Serna
|
0-0: Ground out U3 (Groundball, 13, EV 81.9 MPH)
|
|
Batting: SHB Steve DeRienzo
|
0-0: Ball 1-0: Foul Ball, location: 2F 1-1: Foul Ball, location: 2F 1-2: Ball 2-2: Ball 3-2: Foul Ball, location: 2F 3-2: Strikes out swinging
|
|
Batting: RHB Joel Gomez
|
0-0: Ball 1-0: DOUBLE (Line Drive, 8RXD, EV 104.4 MPH)
|
|
Batting: RHB Simon Mergeni
|
0-0: Called Strike 0-1: Called Strike 0-2: Ball 1-2: Ball 2-2: Ball 3-2: Foul Ball, location: 2F 3-2: Base on Balls
|
|
Batting: RHB Alexis Graciani
|
0-0: Swinging Strike 0-1: Ball 1-1: Swinging Strike 1-2: Ball 2-2: Ball 3-2: Strikes out swinging
|
| Top of the 2nd over - 0 runs, 1 hit, 0 errors, 2 left on base; York 1 - Windy City 1 |
| BOTTOM OF THE 2ND |
|
Windy City ThunderBolts batting - Pitching for York Revolution : RHP Lida Sestak
|
|
Batting: LHB Jose Pereyra
|
0-0: Fly out, F1 (Popup, 15, EV 86.9 MPH)
|
|
Batting: RHB David Cortez
|
0-0: Swinging Strike 0-1: Ball 1-1: Ball 2-1: Swinging Strike 2-2: Strikes out swinging
|
|
Batting: RHB Nhat Phong
|
0-0: Ball 1-0: Ball 2-0: Called Strike 2-1: Foul Ball, location: 2F 2-2: Strikes out looking
|
| Bottom of the 2nd over - 0 runs, 0 hits, 0 errors, 0 left on base; York 1 - Windy City 1 |
| TOP OF THE 3RD |
|
York Revolution batting - Pitching for Windy City ThunderBolts : RHP Mark Fedor
|
|
Batting: LHB Jonathan Roman
|
0-0: Called Strike 0-1: Foul Ball, location: 2F 0-2: Ball 1-2: Ball 2-2: Ball 3-2: SINGLE (Groundball, 6MD, EV 104.4 MPH)
|
|
Batting: RHB Juan Valadez
|
0-0: Called Strike Jonathan Roman is caught stealing 2nd base 2-4 0-1: Foul Ball, location: 2F 0-2: Ball 1-2: Foul Ball, location: 2F 1-2: Strikes out looking
|
|
Batting: LHB Eric Farren
|
0-0: Fly out, F8 (Flyball, 89M, EV 88.1 MPH)
|
| Top of the 3rd over - 0 runs, 1 hit, 0 errors, 0 left on base; York 1 - Windy City 1 |
| BOTTOM OF THE 3RD |
|
Windy City ThunderBolts batting - Pitching for York Revolution : RHP Lida Sestak
|
|
Batting: RHB Enrique Gomez
|
0-0: Called Strike 0-1: Swinging Strike 0-2: Ball 1-2: SOLO HOME RUN (Flyball, 7D, EV 99.4 MPH), Distance : 386 ft
|
|
Batting: SHB Andres Agudo
|
0-0: Called Strike 0-1: Foul Ball, location: 2F 0-2: DOUBLE (Line Drive, 7LS, EV 99.4 MPH)
|
|
Batting: RHB David Laureano
|
0-0: Called Strike 0-1: Swinging Strike 0-2: Strikes out swinging
|
|
Batting: RHB Bill Stern
|
0-0: Called Strike 0-1: Swinging Strike 0-2: Strikes out looking
|
|
Batting: SHB Veit Geisler
|
0-0: Fly out, F7 (Flyball, 7S, EV 81.2 MPH)
|
| Bottom of the 3rd over - 1 run, 2 hits, 0 errors, 1 left on base; York 1 - Windy City 2 |
| TOP OF THE 4TH |
|
York Revolution batting - Pitching for Windy City ThunderBolts : RHP Mark Fedor
|
|
Batting: RHB Dave Gallegos
|
0-0: Called Strike 0-1: Called Strike 0-2: Ball 1-2: Foul Ball, location: 2F 1-2: Strikes out swinging
|
|
Batting: RHB Eddie Serna
|
0-0: Ball 1-0: Foul Ball, location: 2F 1-1: Ball 2-1: Foul Ball, location: 2F 2-2: Ball 3-2: Base on Balls
|
|
Batting: SHB Steve DeRienzo
|
0-0: Ball Eddie Serna steals 2nd base 1-0: Ball 2-0: Called Strike 2-1: Fly out, F7 (Flyball, 7LD, EV 85.0 MPH)
|
|
Batting: RHB Joel Gomez
|
0-0: Called Strike 0-1: Ball 1-1: Swinging Strike 1-2: 2-RUN HOME RUN (Flyball, 7D, EV 100.6 MPH), Distance : 371 ft
|
|
Batting: RHB Simon Mergeni
|
0-0: Ball 1-0: Ball 2-0: Hit by Pitch
|
|
Batting: RHB Alexis Graciani
|
0-0: Fly out, F8 (Flyball, 8LS, EV 91.9 MPH)
|
| Top of the 4th over - 2 runs, 1 hit, 0 errors, 1 left on base; York 3 - Windy City 2 |
| BOTTOM OF THE 4TH |
|
Windy City ThunderBolts batting - Pitching for York Revolution : RHP Lida Sestak
|
|
Batting: RHB Joe Thomas
|
0-0: Called Strike 0-1: Foul Ball, location: 2F 0-2: Ball 1-2: Ball 2-2: Ball 3-2: Strikes out swinging
|
|
Batting: LHB Jose Pereyra
|
0-0: Swinging Strike 0-1: Ball 1-1: Foul Ball, location: 2F 1-2: Strikes out swinging
|
|
Batting: RHB David Cortez
|
0-0: Called Strike 0-1: Ball 1-1: Ball 2-1: Fly out, F7 (Line Drive, 7LM, EV 96.9 MPH)
|
| Bottom of the 4th over - 0 runs, 0 hits, 0 errors, 0 left on base; York 3 - Windy City 2 |
| TOP OF THE 5TH |
|
York Revolution batting - Pitching for Windy City ThunderBolts : RHP Mark Fedor
|
|
Batting: LHB Jonathan Roman
|
0-0: Foul Ball, location: 2F 0-1: Swinging Strike 0-2: Foul Ball, location: 2F 0-2: Ball 1-2: Ground out 1-3 (Groundball, 34S, EV 75.6 MPH)
|
|
Batting: RHB Juan Valadez
|
0-0: Ball 1-0: Called Strike 1-1: Ball 2-1: Foul Ball, location: 2F 2-2: Foul Ball, location: 2F 2-2: Foul Ball, location: 2F 2-2: DOUBLE (Flyball, 8LXD, EV 101.9 MPH)
|
|
Batting: LHB Eric Farren
|
0-0: Ball 1-0: Foul Ball, location: 2F 1-1: Ball 2-1: Ball 3-1: Foul Ball, location: 2F 3-2: Foul Ball, location: 2F 3-2: Base on Balls
|
|
Batting: RHB Dave Gallegos
|
0-0: Called Strike 0-1: Foul Ball, location: 2F 0-2: Ball 1-2: Ball 2-2: Ball 3-2: Fielders Choice at 2nd, 5-4 (Groundball, 56, EV 104.4 MPH) Juan Valadez to third
|
|
Batting: RHB Eddie Serna
|
0-0: Swinging Strike 0-1: Fly out, F8 (Flyball, 8RD, EV 101.9 MPH)
|
| Top of the 5th over - 0 runs, 1 hit, 0 errors, 2 left on base; York 3 - Windy City 2 |
| BOTTOM OF THE 5TH |
|
Windy City ThunderBolts batting - Pitching for York Revolution : RHP Lida Sestak
|
|
Batting: RHB Nhat Phong
|
0-0: Called Strike 0-1: Ball 1-1: Swinging Strike 1-2: Ball 2-2: Foul Ball, location: 2F 2-2: Strikes out swinging
|
|
Batting: RHB Enrique Gomez
|
0-0: Foul Ball, location: 2F 0-1: Called Strike 0-2: Ball 1-2: Ball 2-2: Ball 3-2: Foul Ball, location: 2F 3-2: Ground out 6-3 (Groundball, 6, EV 84.4 MPH)
|
|
Batting: SHB Andres Agudo
|
0-0: Swinging Strike 0-1: Ball 1-1: Swinging Strike 1-2: Strikes out swinging
|
| Bottom of the 5th over - 0 runs, 0 hits, 0 errors, 0 left on base; York 3 - Windy City 2 |
| TOP OF THE 6TH |
|
York Revolution batting - Pitching for Windy City ThunderBolts : RHP Mark Fedor
|
|
Batting: SHB Steve DeRienzo
|
0-0: Ball 1-0: Ball 2-0: Foul Ball, location: 2F 2-1: Swinging Strike 2-2: Ball 3-2: Fly out, F8 (Flyball, 8LM, EV 89.4 MPH)
|
|
Batting: RHB Joel Gomez
|
0-0: Ball 1-0: Ball 2-0: Called Strike 2-1: Swinging Strike 2-2: Foul Ball, location: 2F 2-2: Foul Ball, location: 2F 2-2: Ball 3-2: Base on Balls
|
|
Pitching: RHP George Crousse
|
|
|
Batting: RHB Simon Mergeni
|
0-0: Fly out, F8 (Flyball, 78S, EV 85.6 MPH)
|
|
Batting: RHB Alexis Graciani
|
0-0: Ball 1-0: SINGLE (Groundball, 34D, EV 103.8 MPH) Joel Gomez to second Runner from 2nd tries for 3rd, SAFE, throw by RF made to third
|
|
Batting: LHB Jonathan Roman
|
0-0: Ball 1-0: Foul Ball, location: 2F 1-1: Ball 2-1: Fielders Choice at 2nd, 6-4 (Groundball, 6, EV 90.6 MPH)
|
| Top of the 6th over - 0 runs, 1 hit, 0 errors, 2 left on base; York 3 - Windy City 2 |
| BOTTOM OF THE 6TH |
|
Windy City ThunderBolts batting - Pitching for York Revolution : RHP Lida Sestak
|
|
Pitching: RHP Tony Machado
|
|
|
Batting: RHB David Laureano
|
0-0: Called Strike 0-1: Swinging Strike 0-2: Ball 1-2: Fly out, F7 (Flyball, 7S, EV 89.4 MPH)
|
|
Pinch Hitting: SHB Noah Long
|
0-0: Foul Ball, location: 2F 0-1: Ball 1-1: Ball 2-1: Called Strike 2-2: Ground out 4-3 (Groundball, 4MD, EV 105.6 MPH)
|
|
Batting: SHB Veit Geisler
|
0-0: Called Strike 0-1: Ball 1-1: Foul Ball, location: 2F 1-2: Ball 2-2: Strikes out swinging
|
| Bottom of the 6th over - 0 runs, 0 hits, 0 errors, 0 left on base; York 3 - Windy City 2 |
| TOP OF THE 7TH |
|
York Revolution batting - Pitching for Windy City ThunderBolts : RHP George Crousse
|
|
Now at 1B: Brad Adams Jr.
|
|
|
Batting: RHB Juan Valadez
|
0-0: Ball 1-0: Fly out, F9 (Flyball, 9S, EV 85.6 MPH)
|
|
Batting: LHB Eric Farren
|
0-0: SINGLE (Line Drive, 7LS, EV 101.9 MPH)
|
|
Batting: RHB Dave Gallegos
|
0-0: Ball 1-0: Foul Ball, location: 2F 1-1: Called Strike 1-2: Ball 2-2: Foul Ball, location: 2F 2-2: DOUBLE (Line Drive, 7LS, EV 111.2 MPH) Eric Farren to third
|
|
Batting: RHB Eddie Serna
|
0-0: SINGLE (Flyball, 78S, EV 92.5 MPH) Eric Farren scores Dave Gallegos to third Runner from 3rd tries for Home, SAFE, throw by LF to home
|
|
Batting: SHB Steve DeRienzo
|
0-0: Called Strike 0-1: Swinging Strike 0-2: DOUBLE (Line Drive, 7LM, EV 108.1 MPH) Eddie Serna to third Runner from 3rd tries for Home, SAFE, no throw by LF
|
|
Pitching: LHP Keith O'Brien
|
|
|
Batting: RHB Joel Gomez
|
0-0: Foul Ball, location: 2F 0-1: Ball 1-1: Fly out, F8 (Flyball, 8LD, EV 90.0 MPH)
|
|
Batting: RHB Simon Mergeni
|
0-0: Ball 1-0: Called Strike 1-1: Swinging Strike 1-2: Ball 2-2: Ball 3-2: Foul Ball, location: 2F 3-2: Foul Ball, location: 2F 3-2: Strikes out swinging
|
| Top of the 7th over - 3 runs, 4 hits, 0 errors, 1 left on base; York 6 - Windy City 2 |
| BOTTOM OF THE 7TH |
|
Windy City ThunderBolts batting - Pitching for York Revolution : RHP Tony Machado
|
|
Pitching: RHP Tim Starks
|
|
|
Batting: RHB Joe Thomas
|
0-0: SINGLE (Groundball, 56S, EV 71.9 MPH) (infield hit)
|
|
Batting: LHB Jose Pereyra
|
0-0: Foul Ball, location: 2F 0-1: Ball 1-1: Fly out, F3 (Popup, 23F, EV 85.0 MPH)
|
|
Batting: RHB David Cortez
|
0-0: Ball 1-0: Called Strike 1-1: Grounds into double play, 4-6-3 (Groundball, 34, EV 86.2 MPH)
|
| Bottom of the 7th over - 0 runs, 1 hit, 0 errors, 0 left on base; York 6 - Windy City 2 |
| TOP OF THE 8TH |
|
York Revolution batting - Pitching for Windy City ThunderBolts : LHP Keith O'Brien
|
|
Pitching: RHP Jose Rodriguez
|
|
|
Batting: RHB Ivan Barrientos
|
0-0: Called Strike 0-1: Ball 1-1: Ball 2-1: Foul Ball, location: 2F 2-2: Ball 3-2: Reached on error, E5 (Groundball, 56, EV 98.8 MPH)
|
|
Batting: LHB Jonathan Roman
|
0-0: Ball 1-0: Bunted foul 1-1: Sac Bunt to 13S - play at first, batter OUT! 1-3 Ivan Barrientos to second
|
|
Batting: RHB Juan Valadez
|
0-0: Ground out 2-3 (Groundball, 15S, EV 73.1 MPH) Ivan Barrientos to third
|
|
Batting: LHB Eric Farren
|
0-0: Ball 1-0: Foul Ball, location: 2F 1-1: Swinging Strike 1-2: Ball 2-2: Foul Ball, location: 2F 2-2: Fly out, F9 (Flyball, 89S, EV 78.1 MPH)
|
| Top of the 8th over - 0 runs, 0 hits, 1 error, 1 left on base; York 6 - Windy City 2 |
| BOTTOM OF THE 8TH |
|
Windy City ThunderBolts batting - Pitching for York Revolution : RHP Tim Starks
|
|
Batting: RHB Nhat Phong
|
0-0: Called Strike 0-1: Ball 1-1: DOUBLE (Flyball, 8LXD, EV 93.1 MPH)
|
|
Batting: RHB Enrique Gomez
|
0-0: Foul Ball, location: 2F 0-1: Called Strike 0-2: Strikes out swinging
|
|
Batting: SHB Andres Agudo
|
0-0: Ball 1-0: Ball 2-0: Ball 3-0: Called Strike 3-1: Base on Balls
|
|
Batting: RHB David Laureano
|
0-0: Grounds into double play, 6-4-3 (Groundball, 6, EV 101.2 MPH)
|
| Bottom of the 8th over - 0 runs, 1 hit, 0 errors, 1 left on base; York 6 - Windy City 2 |
| TOP OF THE 9TH |
|
York Revolution batting - Pitching for Windy City ThunderBolts : RHP Jose Rodriguez
|
|
Batting: RHB Dave Gallegos
|
0-0: Ground out 4-3 (Groundball, 4, EV 86.9 MPH)
|
|
Batting: RHB Eddie Serna
|
0-0: Ball 1-0: Ground out 4-3 (Groundball, 4M, EV 87.5 MPH)
|
|
Batting: SHB Steve DeRienzo
|
0-0: Foul Ball, location: 2F 0-1: Swinging Strike 0-2: Foul Ball, location: 2F 0-2: Strikes out swinging
|
| Top of the 9th over - 0 runs, 0 hits, 0 errors, 0 left on base; York 6 - Windy City 2 |
| BOTTOM OF THE 9TH |
|
Windy City ThunderBolts batting - Pitching for York Revolution : RHP Tim Starks
|
|
Pitching: LHP Chad Mroczkowski
|
|
|
Batting: RHB Brad Adams Jr.
|
0-0: Ball 1-0: SINGLE (Line Drive, 89S, EV 104.4 MPH)
|
|
Batting: SHB Veit Geisler
|
0-0: Ball 1-0: Ball 2-0: 2-RUN HOME RUN (Flyball, 78XD, EV 107.5 MPH), Distance : 405 ft
|
|
Pitching: RHP Bobby Acevedo
|
|
|
Batting: LHB Prince Nunley
|
0-0: Ball 1-0: SINGLE (Groundball, 4D, EV 103.8 MPH)
|
|
Pinch Hitting: RHB Francisco Marin
|
0-0: Ball 1-0: Ball 2-0: Ball 3-0: Called Strike 3-1: Base on Balls Prince Nunley to second
|
|
Pinch Hitting: RHB Joselito Santos
|
0-0: Called Strike 0-1: Fly out, F9 (Flyball, 9LM, EV 95.6 MPH)
|
|
Pinch Hitting: RHB Eddie Dimas
|
0-0: Ball 1-0: Ball 2-0: Foul Ball, location: 2F 2-1: Swinging Strike 2-2: Fly out, F7 (Flyball, 78M, EV 80.0 MPH) Runner from 2nd tags up, SAFE at 3rd with throw by LF
|
|
Batting: RHB Enrique Gomez
|
0-0: Ball 1-0: Called Strike 1-1: Fly out, F7 (Line Drive, 7S, EV 89.4 MPH)
|
| Bottom of the 9th over - 2 runs, 3 hits, 0 errors, 2 left on base; York 6 - Windy City 4 |
|